 Dungeon Crawl Stone Soup version 0.23-a0-79-gaa8cc03 (webtiles) character file.

69 Amnesiac the Gusty (level 4, -4/30 HPs)
             Began as a Mummy Air Elementalist on Aug 11, 2018.
             Killed from afar by an orc wizard (8 damage)
             ... with a magic dart
             ... on level 4 of the Dungeon.
             The game lasted 00:03:37 (1569 turns).

Amnesiac the Gusty (Mummy Air Elementalist)         Turns: 1569, Time: 00:03:38

Health: -4/30      AC:  2    Str: 11    XL:     4   Next: 2%
Magic:  1/8        EV: 11    Int: 15    God:
Gold:   90         SH:  4    Dex: 12    Spells: 3/9 levels left

rFire    . . .     SeeInvis .   a - +0 flail (venom)
rCold    + . .     Gourm    .   g - +1 buckler {rF+}
rNeg     + + +     Faith    .   f - +0 robe
rPois    ∞         Spirit   .   (no helmet)
rElec    .         Reflect  .   (no cloak)
rCorr    .         Harm     .   (no gloves)
MR       .....                  (no boots)
Stlth    ++........             (no amulet)
HPRegen  0.10/turn              (no ring)
MPRegen  0.11/turn              (no ring)

@: very slightly contaminated, slowed, very slow
A: no food or potions, fire vulnerability, cold resistance 1, negative energy
resistance 3, torment resistance, unbreathing
a: no special abilities


You were on level 4 of the Dungeon.
You were not hungry.

You visited 1 branch of the dungeon, and saw 4 of its levels.

You collected 90 gold pieces.

Inventory:

Hand Weapons
 a - a +0 flail of venom (weapon)
Armour
 f - a +0 robe (worn)
 g - a +1 buckler of fire resistance (worn)
Scrolls
 b - a scroll of random uselessness {!r}
 c - a scroll of identify {!r}
 d - a scroll of magic mapping {!r, unknown}


   Skills:
 - Level 1.5 Dodging
 - Level 1.5 Stealth
 - Level 3.2 Spellcasting
 + Level 2.0 Conjurations
 - Level 3.3 Air Magic


You had 3 spell levels left.
You knew the following spells:

 Your Spells              Type           Power        Failure   Level  Hunger
a - Shock                 Conj/Air       ##..         11%         1    N/A
b - Static Discharge      Conj/Air       ##......     32%         3    N/A
z - Swiftness             Chrm/Air       #.......     26%         2    N/A

Your spell library contained the following spells:

 Spells                   Type           Power        Failure   Level  Hunger
 Lightning Bolt           Conj/Air       ##........   97%         5    N/A
 Airstrike                Air            ##........   63%         4    N/A

Dungeon Overview and Level Annotations

Branches:
Dungeon (4/15)
 Temple: D:4-7

Altars:
Okawaru
Zin


Innate Abilities, Weirdness & Mutations

You do not eat or drink.
Your flesh is vulnerable to fire.
You are immune to poison.
Your flesh is cold resistant. (rC+)
You are immune to negative energy. (rN+++)
You are immune to unholy pain and torment.
You can survive without breathing.


Message History

The zap hits the orc wizard.
The orc wizard is heavily wounded.
The zap misses the orc wizard.
The zap misses you.
The orc wizard hits you but does no damage.
Casting: Shock (safe; 11% risk of failure)
Confirm with . or Enter, or press ? or * to list all spells.
Aiming: Shock (safe; 11% risk of failure)
Press: ? - help, Shift-Dir - straight line You miscast Shock.
You are very lightly contaminated with residual magic.
Nothing appears to happen.
The orc wizard points at you and mumbles some strange words.
The magic dart hits you!
Casting: Shock (safe; 11% risk of failure)
Confirm with . or Enter, or press ? or * to list all spells.
Aiming: Shock (safe; 11% risk of failure)
Press: ? - help, Shift-Dir - straight line The orc wizard hits you with a dagger.
* * * LOW HITPOINT WARNING * * *
Unknown command.
Unknown command.
You closely miss the orc wizard.
The orc wizard is heavily wounded.
The orc wizard gestures wildly while chanting.
The orc wizard seems to speed up.
The orc wizard misses you.
Unknown command.
Casting: Shock (safe; 11% risk of failure)
Confirm with . or Enter, or press ? or * to list all spells.
Aiming: Shock (safe; 11% risk of failure)
Press: ? - help, Shift-Dir - straight line That beam is likely to hit you.
Continue anyway?
The zap misses the orc wizard. x2; The zap misses you.
The orc wizard hits you but does no damage.
Casting: Shock (safe; 11% risk of failure)
Confirm with . or Enter, or press ? or * to list all spells.
The orc wizard is struck by lightning.
The orc wizard is severely wounded.
The lightning arcs!
You are struck by lightning.
* * * LOW HITPOINT WARNING * * *
The lightning grounds out.
The orc wizard hits you with a dagger.
* * * LOW HITPOINT WARNING * * *
The orc wizard hits you but does no damage.
You completely miss the orc wizard.
The orc wizard is severely wounded.
The orc wizard barely misses you.
Really read
c - 2 scrolls labeled BIVUUH KIJ REP {!r}?
As you read the scroll labeled BIVUUH KIJ REP {!r}, it crumbles to dust.
It is a scroll of identify.
b - a scroll of random uselessness {!r} The orc wizard hits you but does no damage.
The orc wizard casts a spell at you.
You feel yourself slow down.
You closely miss the orc wizard.
The orc wizard is severely wounded.
The orc wizard points at you and mumbles some strange words.
The magic dart hits you!
* * * LOW HITPOINT WARNING * * *
The orc wizard mumbles some strange words.
The orc wizard blinks!
The orc wizard points at you and mumbles some strange words.
You resist with some effort. The orc wizard casts a spell at you.
The magic dart hits you!
You die...

#.## ### ..# #.. #.#
#..# ######.########
......
........<.......
##...##
########.###########
#.## # #†# ###.....
... . #.####§..# ##
. #[..o.@# .
#...o### #...<##..#
# #.######.### .# #
#...##.# ###....#
###...# ..o..%.
.....#.


You could see 2 orc wizards.

Vanquished Creatures
  A worker ant (D:4)
  2 adders (D:2)
  2 dart slugs
  A leopard gecko (D:3)
  An orc (D:3)
  4 bats (D:3)
  A giant cockroach (D:4)
  2 hobgoblins (D:3)
  4 frilled lizards
  3 goblins
  2 kobolds (D:3)
  A rat (D:3)
24 creatures vanquished.

Notes
Turn   | Place    | Note
-------+----------+-------------------------------------------
     0 | D:1      | Amnesiac the Mummy Air Elementalist began the quest for the Orb.
     0 | D:1      | Reached XP level 1. HP: 13/13 MP: 4/4
    62 | D:2      | Reached XP level 2. HP: 19/19 MP: 1/5
    66 | D:2      | Learned a level 2 spell: Swiftness
   367 | D:4      | Found an iron altar of Okawaru.
   411 | D:3      | Found a glowing silver altar of Zin.
   499 | D:3      | Reached XP level 3. HP: 24/24 MP: 2/7
   504 | D:3      | Learned a level 3 spell: Static Discharge
   911 | D:3      | Reached skill level 1 in Conjurations
  1014 | D:4      | Noticed a scorpion
  1378 | D:4      | Reached XP level 4. HP: 13/30 MP: 0/8
  1569 | D:4      | Killed from afar by an orc wizard

Vault maps used:
D:1:      scummos_arrival_checkerplants
D:2:      elyvilon_altar_5, first_ration
D:3:      lemuel_crystal_altar
D:4:      okawaru_ov_weapons_minmay, uniq_grinder

Skill      XL: |  1  2  3 |
---------------+----------+-----
Air Magic      | 3 |  3.3
Spellcasting   | 3 |  3.2
Conjurations   | 2 |  2.0
Dodging        | |  1.5
Stealth        | |  1.5

Action                   |  1- 3 |  4- 6 || total
-------------------------+-------+-------++-------
Melee: Unarmed           |     2 |       ||     2
       Flail             |     6 |     3 ||     9
 Cast: Shock             |    53 |     4 ||    57
       Static Discharge  |       |     1 ||     1
  Use: Scroll            |       |     1 ||     1
Armor: Robe              |     4 |     2 ||     6
Dodge: Dodged            |    20 |     4 ||    24
Block: Buckler           |     1 |       ||     1

Table legend:
 A = Non-vault XP
 B = Vault XP
 C = Vault XP percentage of total XP
 D = Non-vault monster count
 E = Vault monster count
 F = Vault count percentage of total count
 G = Total turns spent on level
                 A         B        C        D         E       F
            +---------+---------+-------+---------+---------+-------
      Total |      99 |       0 |   0.0 |      24 |       0 |   0.0
            +---------+---------+-------+---------+---------+-------
        D:2 |      34 |       0 |   0.0 |       6 |       0 |   0.0
        D:3 |      30 |       0 |   0.0 |      16 |       0 |   0.0
        D:4 |      35 |       0 |   0.0 |       2 |       0 |   0.0
            +---------+---------+-------+---------+---------+-------
